 Dungeon Crawl Stone Soup version 0.24.0-123-gd5b16e6ec5 (webtiles) character file.

Game seed: 5615431330308104776, levelgen mode: deterministic

52 LambertSimnel the Sneak (level 3, 0/21 HPs)
             Began as an Octopode Earth Elementalist on Feb 7, 2020.
             Slain by Sigmund
             ... wielding a +7 vampiric scythe
              (11 damage)
             ... on level 2 of the Dungeon.
             The game lasted 00:05:56 (1134 turns).

LambertSimnel the Sneak (OpEE)                      Turns: 1134, Time: 00:05:57

Health: 0/21       AC:  1    Str:  7    XL:     3   Next: 85%
Magic:  0/6        EV: 13    Int: 18    God:
Gold:   98         SH:  0    Dex: 12    Spells: 2/6 levels left

rFire    . . .     SeeInvis .   h - +0 dagger
rCold    . . .     Gourm    .   (no shield)
rNeg     . . .     Faith    .   (helmet restricted)
rPois    .         Spirit   .   (no amulet)
rElec    .         Reflect  .   i - ring of wizardry
rCorr    .         Harm     .   (no ring)
MR       .....                  (no ring)
Stlth    +++.......             (no ring)
HPRegen  0.07/turn              (no ring)
MPRegen  0.10/turn              (no ring)
                                (no ring)
                                (no ring)

@: no status effects
A: almost no armour, stealthy swim, amphibious, 8 rings, constrict 8, camouflage
1, gelatinous body 1
a: no special abilities


You were on level 2 of the Dungeon.
You were not hungry.

You visited 1 branch of the dungeon, and saw 2 of its levels.

You collected 98 gold pieces.

Inventory:

Hand Weapons
 d - a +0 short sword
 h - a +0 dagger (weapon)
Missiles
 b - 52 stones (quivered)
Jewellery
 i - a ring of wizardry (left tentacle)
Scrolls
 l - a scroll of enchant armour {unknown}
Potions
 e - 3 potions of heal wounds {unknown}
 f - 2 potions of degeneration {unknown}
 g - a potion of haste {unknown}
 j - a potion of resistance {unknown}
 k - a potion of curing {unknown}
Comestibles
 a - 7 chunks of flesh
 c - 3 rations


   Skills:
 + Level 2.4 Dodging
 * Level 3.9 Stealth
 + Level 2.3 Spellcasting
   Level 1.0 Transmutations
 * Level 3.6 Earth Magic


You had 2 spell levels left.
You knew the following spells:

 Your Spells              Type           Power        Failure   Level  Hunger
a - Sandblast             Erth           ###...       1%          1    #......
b - Stone Arrow           Conj/Erth      #.....       11%         3    ###....

Your spell library contained the following spells:

 Spells                   Type           Power        Failure   Level  Hunger
 Passwall                 Tmut/Erth      ##......     4%          2    ##.....
 Petrify                  Tmut/Erth      ##......     26%         4    #####..
 Lee's Rapid Deconstruct  Erth           ###.......   38%         5    ######.


Dungeon Overview and Level Annotations

Branches:
Dungeon (2/15)

Altars:
Xom

Annotations:
D:2 Sigmund


Innate Abilities, Weirdness & Mutations

You cannot wear most types of armour.
You are very stealthy in the water. (Stealth+)
You are amphibious.
You can wear up to eight rings at the same time.
You can use your tentacles to constrict eight enemies at once.
Your skin changes colour to match your surroundings (Stealth+).
Your rubbery body absorbs attacks. (AC +1, EV +1)


Message History

Casting: Sandblast (safe; 1% risk of failure)
Confirm with . or Enter, or press ? or * to list all spells.
Aiming: Sandblast (safe; 1% risk of failure)
Press: ? - help, Shift-Dir - straight line, f/p - Sigmund
Aim: Sigmund, wielding a +7 vampiric scythe and wearing a +0 robe (moderately wounded)
The blast of sand hits Sigmund!
Sigmund is severely wounded.
b - 53 stones Sigmund hits you from afar with a +7 vampiric scythe!
Casting: Sandblast (safe; 1% risk of failure)
Confirm with . or Enter, or press ? or * to list all spells.
Aiming: Sandblast (safe; 1% risk of failure)
Press: ? - help, Shift-Dir - straight line, f/p - Sigmund
Aim: Sigmund, wielding a +7 vampiric scythe and wearing a +0 robe (severely wounded)
The blast of sand hits Sigmund!
Sigmund is almost dead.
b - 52 stones Sigmund hits you with a +7 vampiric scythe!
Ouch! That really hurt!
You die...

### ## #.###. #...#[
#############.#.#.
#.................
#@###########.#.## #@#
#.#<..
.#####.###########.####
...................)...>
#..####.#......####.###.
#.#.?...........#.
#.##.....########.
#.)...%).......... ..
##.........#######


You could see Sigmund.

Vanquished Creatures
  An adder (D:2)
  An ooze (D:2)
  A worm (D:2)
  2 dart slugs (D:1)
  4 goblins
  5 hobgoblins
  2 jackals (D:1)
  3 kobolds
  5 bats
  2 frilled lizards (D:1)
  8 rats
34 creatures vanquished.

Notes
Turn   | Place    | Note
-------+----------+-------------------------------------------
     0 | D:1      | LambertSimnel the Octopode Earth Elementalist began the
                  | quest for the Orb.
     0 | D:1      | Reached XP level 1. HP: 11/11 MP: 3/3
   162 | D:1      | Reached XP level 2. HP: 17/17 MP: 1/5
   480 | D:1      | Reached XP level 3. HP: 17/21 MP: 3/6
   858 | D:1      | Learned a level 3 spell: Stone Arrow
   993 | D:2      | Found a shimmering altar of Xom.
   994 | D:2      | Noticed Sigmund
  1134 | D:2      | Slain by Sigmund

Levels and vault maps discovered:
D:1:      lemuel_arrival_room, layout_basic
D:2:      layout_basic, marbit_many_paths, xom_redecorated,
          minmay_randomly_rotated_circles, uniq_sigmund

Skill      XL: |  1 |
---------------+----+-----
Stealth        | 3 |  3.9
Dodging        | |  2.4
Spellcasting   | |  2.3
Transmutations | |  1.0
Earth Magic    | |  3.6

Action                   || total
-------------------------++-------
Melee: Unarmed           ||     6
       Constrict         ||     9
       Tentacles         ||     4
       Short sword       ||    29
       Dagger            ||    11
 Cast: Sandblast         ||    24
 Stab: Sleeping          ||     9
  Eat: Chunk             ||     1
Armor: Skin              ||     7
Dodge: Dodged            ||    35
